 Dungeon Crawl Stone Soup version 0.29-a0-416-g83a48905f1 (webtiles) character file.

Game seed: 5439718920928718435

50 YayAnonymity the Poker (level 3, -1/28 HPs)
             Began as a Demonspawn Gladiator on May 17, 2022.
             Slain by Natasha (5 damage)
             ... on level 2 of the Dungeon.
             The game lasted 00:01:35 (1330 turns).

YayAnonymity the Poker (Demonspawn Gladiator)       Turns: 1330, Time: 00:01:35

Health: -1/28      AC:  7    Str: 16    XL:     3   Next: 55%
Magic:  3/3        EV: 12    Int:  9    God:
Gold:   65         SH:  0    Dex: 14    Spells: 2/2 levels left

rFire   . . .      SeeInvis .   a - +0 trident
rCold   . . .      Faith    .   (no shield)
rNeg    . . .      Spirit   .   m - +3 leather armour
rPois   .          Reflect  .   c - +0 helmet
rElec   .          Harm     .   (no cloak)
rCorr   .          Rampage  .   (no gloves)
Will    .....                   (no boots)
Stlth   +.........              (no amulet)
HPRegen 0.09/turn               (no ring)
MPRegen 0.08/turn               (no ring)

@: no status effects
A: hooves 2
a: no special abilities


You were on level 2 of the Dungeon.
You visited 1 branch of the dungeon, and saw 2 of its levels.

You collected 65 gold pieces.

Inventory:

Hand Weapons
 a - a +0 trident (weapon)
Missiles
 d - 3 throwing nets (quivered)
 e - a javelin
Armour
 c - a +0 helmet (worn)
 m - a +3 leather armour (worn)
Scrolls
 b - a scroll of enchant armour {unknown}
 h - a scroll of fear {unknown}
 i - a scroll of enchant weapon {unknown}
 k - 3 scrolls of identify {unknown}
 l - a scroll of amnesia {unknown}
Potions
 f - a potion of brilliance {unknown}
 g - a potion of curing {unknown}
 j - 2 potions of flight {unknown}
 n - a potion of heal wounds {unknown}


   Skills:
 + Level 2.7 Fighting
 * Level 3.7 Polearms
 - Level 1.7 Throwing
 - Level 2.6 Dodging


You had 2 spell levels left.
You didn't know any spells.
Your spell library contained the following spells:

 Spells                   Type           Power      Damage    Failure   Level
 Animate Skeleton         Necr           0%         N/A       45%         1
 Apportation              Tloc           0%         N/A       45%         1
 Summon Small Mammal      Summ           0%         N/A       45%         1


Dungeon Overview and Level Annotations

Branches:
Dungeon (2/15)

Altars:

Annotations:
D:2 Natasha


Innate Abilities, Weirdness & Mutations

You have hoof-like feet.


Message History

There is a stone staircase leading down here.
Natasha is nearby!
A goblin comes into view. It is wielding a +0 club.
Found a scroll labelled SUTINE YKKYO.
You reach to attack!
The goblin shouts!
You hit Natasha.
Natasha is moderately wounded.
Natasha closely misses you.
You closely miss Natasha. You kick Natasha.
Natasha is severely wounded.
Natasha stares at you and mumbles some strange words.
You resist with significant effort.
You hit Natasha. Your kick misses Natasha.
Natasha is severely wounded.
Natasha claws you but does no damage.
You hit Natasha but do no damage. Your kick misses Natasha.
Natasha is severely wounded.
Natasha drinks a potion.
Natasha flickers and vanishes!
Deactivating autopickup; reactivate with Ctrl-A.
You reach to attack!
You puncture the goblin!
You kill the goblin!
Something claws you but does no damage.
No target in view!
No target in view!
No target in view!
No target in view!
You barely miss something. Your kick misses something. Something claws you.
You miss something.
You hear some strange, mumbled words.
A magic dart appears from out of thin air!
The magic dart hits you!
You barely miss something. Something claws you.
You miss something.
The frilled lizard hisses angrily.
Your kick misses something. Something claws you.
You miss something. Something claws you.
* * * LOW HITPOINT WARNING * * *
Something claws you.
You die...

#.#.#..........
............#.#
#.#.##.....####
#.#.##.....#
#.#.###....#
####.#.###....#
#>............#
#.##.##.####.##
#@##.##.# #..#
#{##.##.# #.##
.l...##.# .#
#...####.#
#.>.# #.# #...#
#.. #...# #..
#..?#


You could see a frilled lizard.

Vanquished Creatures
  2 adders (D:2)
  A ball python (D:1)
  An endoplasm (D:1)
  2 giant cockroaches
  3 goblins
  4 hobgoblins
  2 jackals (D:1)
  2 kobolds
  3 quokkas
  5 bats
  A frilled lizard (D:1)
  3 rats
29 creatures vanquished.

Notes
Turn   | Place    | Note
-------+----------+-------------------------------------------
     0 | D:1      | YayAnonymity the Demonspawn Gladiator began the quest for
                  | the Orb.
     0 | D:1      | Reached XP level 1. HP: 16/16 MP: 1/1
    95 | D:1      | Found a faded altar of an unknown god.
   192 | D:1      | Reached skill level 3 in Polearms
   197 | D:1      | Discovered your monstrous ancestry.
   197 | D:1      | Gained mutation: You have large cloven feet. [demonic
                  | ancestry]
   197 | D:1      | Reached XP level 2. HP: 19/22 MP: 2/2
   981 | D:2      | Gained mutation: You have hoof-like feet. [demonic
                  | ancestry]
   981 | D:2      | Reached XP level 3. HP: 28/28 MP: 3/3
  1318 | D:2      | Noticed Natasha
  1330 | D:2      | Slain by Natasha

Illustrated notes

Levels and vault maps discovered:
D:1:      sevenhm_arrival_forest_fort_large_2, layout_basic,
          basic_ecumenical_altar
D:2:      minmay_door_path, layout_loops_ring, uniq_natasha

Skill      XL: |  1 |
---------------+----+-----
Polearms       | 3 |  3.7
Fighting       | |  2.7
Throwing       | |  1.7
Dodging        | |  2.6

Action                   || total
-------------------------++-------
Melee: Trident           ||   100
       Kick              ||     9
Armor: Leather armour    ||    30
Dodge: Dodged            ||    61

Table legend: (Time is in decaauts)
 A = Elapsed time spent in this place.
 B = Non-inter-level travel time spent in this place.
 C = Inter-level travel time spent in this place.
 D = Time resting spent in this place.
 E = Time spent auto-exploring this place.
 F = Levels seen in this place.
 G = Mean time per level.
                   A        B        C        D        E       F      G
               +--------+--------+--------+--------+--------+-----+--------+
         Total |   1344 |   1333 |     11 |      0 |   1102 |   2 |  672.0 |
       Dungeon |   1344 |   1333 |     11 |      0 |   1102 |   2 |  672.0 |
               +--------+--------+--------+--------+--------+-----+--------+

Top non-repeatable levels by time:
     D:1: 943 daAuts
     D:2: 400 daAuts
